 Dungeon Crawl Stone Soup version 0.20.1-1-g8b1a95d (webtiles) character file.

125 Gargoyl the Skirmisher (level 4, -2/41 HPs)
             Began as a Minotaur Abyssal Knight on Aug 2, 2017.
             Was a Believer of Lugonu.
             Slain by an orc
             ... wielding a cursed -2 short sword
              (5 damage)
             ... on level 3 of the Dungeon.
             The game lasted 00:04:52 (1550 turns).

Gargoyl the Skirmisher (Minotaur Abyssal Knight)    Turns: 1550, Time: 00:04:52

Health: -2/41      AC:  5    Str: 17    XL:     4   Next: 82%
Magic:  4/4        EV: 10    Int:  9    God:    Lugonu [**....]
Gold:   87         SH:  3    Dex: 10    Spells: 3/3 levels left

rFire    + . .     SeeInvis .   l - +0 hand axe (curse)
rCold    x . .     Gourm    .   h - +0 buckler
rNeg     . . .     Faith    .   e - +0 ring mail
rPois    .         Spirit   .   d - +0 hat
rElec    .         Reflect  .   (no cloak)
rCorr    .         Harm     .   (no gloves)
MR       .....     Rnd*Tele +   (no boots)
Stlth    ..........             (no amulet)
Regen    0.2/turn               k - ring of fire
MPRegen  0.1/turn               i - ring of teleportation (curse)

@: lethally poisoned (-2 -> -5)
A: retaliatory headbutt, horns 2
a: Depart the Abyss, Bend Space, Renounce Religion


You were on level 3 of the Dungeon.
You worshipped Lugonu.
Lugonu was pleased with you.
You were not hungry.

You visited 1 branch of the dungeon, and saw 3 of its levels.
You visited the Abyss 1 time.

You collected 87 gold pieces.

Inventory:

Hand Weapons
 a - a +1 hand axe
 l - a cursed +0 hand axe (weapon)
Armour
 d - a +0 hat (worn)
 e - a +0 ring mail (worn)
 h - a +0 buckler (worn)
Jewellery
 i - a cursed ring of teleportation (right hand)
 k - a ring of fire (left hand)
 m - a +2 amulet of reflection {unknown}
 s - an uncursed ring of ice {unknown}
Wands
 p - a wand of acid (2/15)
Scrolls
 f - a scroll of amnesia
 g - 2 scrolls of identify
 t - 2 scrolls of teleportation
Potions
 b - 2 potions of invisibility {unknown}
 n - a potion of brilliance {unknown}
 o - 2 potions of curing {unknown}
 q - a potion of agility
 r - a potion of resistance {unknown}
 v - a potion of ambrosia {unknown}
Comestibles
 c - 2 bread rations
 j - 2 meat rations
 u - 10 chunks of flesh


   Skills:
 + Level 4.7 Fighting
 + Level 3.4 Axes
 * Level 3.8 Armour
 + Level 1.5 Dodging
 + Level 0.2 Shields
 * Level 2.5 Invocations


You had 3 spell levels left.
You didn't know any spells.

Dungeon Overview and Level Annotations

Branches:
Dungeon (3/15)

Altars:


Innate Abilities, Weirdness & Mutations

You reflexively headbutt those who attack you in melee.
You have a pair of horns on your head.


Message History

The adder is almost dead.
You block the adder's attack.
You closely miss the adder.
The adder is almost dead.
The adder closely misses you. The adder barely misses you.
Unknown command.
You hit the adder.
You kill the adder!
Lugonu accepts your kill.
* * * LOW HITPOINT WARNING * * *
You feel sick.
The orc throws a tomahawk.
The tomahawk closely misses you.
You hit the orc. You headbutt the orc.
You kill the orc!
Lugonu accepts your kill.
The orc throws a tomahawk.
The tomahawk closely misses you.
The orc throws a tomahawk.
The tomahawk barely misses you.
A kobold comes into view.
The kobold shouts!
The orc hits you with a short sword.
You die...

,,,,,,,* *,* *,* #######..
*****,** *,* *,* #........ * *,*
*,*##*****,**#.####.## ** *,*
*,,..,,,,,,,,,,* #.# ,*
**,********#K*********** #.# ,*
*,,,,,,,,* #.* #.# ,* *,,*****,*
#.* #.# ,***,,* *,*
#o##############.# ,,,,,,*
*,**#.@()............#
,,,,,,****#.....################
********,.......* * *,#######*
********,* ,,,,,,,,,* **********


You could see an orc and a kobold.

Vanquished Creatures
  Ijyb (D:3)
  An orc wizard (D:3)
  2 adders (D:3)
  3 dart slugs
  3 leopard geckos
  2 orcs (D:3)
  5 hobgoblins
  5 jackals
  A ball python (D:1)
  7 bats
  5 frilled lizards
  3 goblins
  4 kobolds
  5 rats
47 creatures vanquished.

Notes
Turn   | Place    | Note
-------+----------+-------------------------------------------
     0 | Abyss:1  | Gargoyl the Minotaur Abyssal Knight began the quest for the Orb.
     0 | Abyss:1  | Reached XP level 1. HP: 19/19 MP: 1/1
    28 | Abyss:1  | Found a sacrificial altar of Ru.
    51 | Abyss:2  | Noticed a small abomination
    58 | D:1      | Escaped the Abyss
   268 | D:1      | Reached * piety under Lugonu
   431 | D:1      | Reached XP level 2. HP: 27/27 MP: 2/2
   643 | D:1      | Reached skill level 4 in Fighting
  1008 | D:2      | Reached XP level 3. HP: 30/34 MP: 3/3
  1412 | D:3      | Noticed Ijyb
  1435 | D:3      | Killed Ijyb
  1435 | D:3      | Reached XP level 4. HP: 14/41 MP: 4/4
  1528 | D:3      | Reached ** piety under Lugonu
  1548 | D:3      | HP: 2/41 [poisoned by an adder]
  1550 | D:3      | Slain by an orc

Skill      XL: |  1  2  3 |
---------------+----------+-----
Fighting       | 4 |  4.7
Armour         | 3 |  3.8
Invocations    | 2 |  2.5
Axes           | 3 |  3.4
Dodging        | |  1.5
Shields        | |  0.2

Action                   |  1- 3 |  4- 6 || total
-------------------------+-------+-------++-------
Melee: Hand axe          |    93 |    23 ||   116
       Headbutt          |    14 |     5 ||    19
Invok: Depart the Abyss  |     1 |       ||     1
  Use: Potion            |     2 |       ||     2
       Scroll            |     3 |     1 ||     4
  Eat: Chunk             |     2 |       ||     2
Armor: Ring mail         |    51 |     5 ||    56
Dodge: Dodged            |    72 |    15 ||    87
Block: Buckler           |    13 |     3 ||    16
